 Dungeon Crawl Stone Soup version bcrawl-1.13.1-9-ga81ed0b431 (webtiles) character file.

Game seed: 12050222594166444132

44 Revguard the Ducker (level 3, -1/26 HPs)
             Began as a Demonspawn Archaeologist on Aug 8, 2019.
             Slain by an adder (2 damage)
             ... on level 2 of the Dungeon.
             The game lasted 00:02:50 (1056 turns).

Revguard the Ducker (Demonspawn Archaeologist)      Turns: 1056, Time: 00:02:50

Health: -1/26      AC:  8    Str: 11    XL:     3   Next: 39%
Magic:  1/1        EV: 13    Int: 15    God:
Gold:   39         SH:  0    Dex: 12    Spells: 2/2 levels left

rFire    . . .     SeeInvis .   k - +1 dagger (antimagic)
rCold    . . .     Gourm    .   (no shield)
rNeg     . . .     Faith    .   b - +1 robe
rPois    .         Spirit   .   c - +1 hat
rElec    .         Reflect  .   (no cloak)
rCorr    .         Harm     .   (no gloves)
MR       .....     Clarity  +   d - +1 pair of boots
Stlth    ++........             (no amulet)
HPRegen  0.08/turn              (no ring)
MPRegen  0.07/turn              (no ring)

@: lethally poisoned (-1 -> -15), studying Axes
A: hooves 1, molten scales 1, clarity, sense surroundings 1
a: no special abilities


You were on level 2 of the Dungeon.
You were not hungry.

You visited 1 branch of the dungeon, and saw 2 of its levels.

You collected 39 gold pieces.

Inventory:

Hand Weapons
 a - a +0 whip
 k - a +1 antimagic dagger (weapon)
Armour
 b - a +1 robe (worn)
 c - a +1 hat (worn)
 d - a +1 pair of boots (worn)
Potions
 j - a potion of heal wounds
 p - a potion of agility
Books
 e - a manual of Axes
Miscellaneous
 f - an ancient crate
Comestibles
 g - a ration {!d}
 h - 4 chunks of flesh


   Skills:
 * Level 1.6 Fighting
 - Level 0.3 Short Blades
 * Level 0.1(0.6) Axes
 - Level 1.1 Maces & Flails
 * Level 1.1 Armour
 + Level 3.2 Dodging
 - Level 3.0 Stealth
 * Level 1.0 Evocations


You had 2 spell levels left.
You didn't know any spells.
Your spell library was empty.

Dungeon Overview and Level Annotations

Branches:
Dungeon (2/12)

Altars:


Innate Abilities, Weirdness & Mutations

You have large cloven feet.
You are partially covered in molten scales. (AC +2)
You possess an exceptional clarity of mind.
You passively map a small area around you.


Message History

The adder bites you.
You are lethally poisoned!
The adder poisons you!
You barely miss the adder.
The adder is moderately wounded.
* * * LOW HITPOINT WARNING * * *
You feel sick. The adder bites you but does no damage.
The jackal bites you but does no damage.
* * * LOW HITPOINT WARNING * * *
You feel sick. The jackal closely misses you.
* * * LOW HITPOINT WARNING * * *
You feel sick. The jackal closely misses you. The jackal barely misses you.
* * * LOW HITPOINT WARNING * * *
You feel sick. The adder bites you.
* * * LOW HITPOINT WARNING * * *
You are more poisoned.
The adder poisons you! The adder closely misses you.
* * * LOW HITPOINT WARNING * * *
You feel sick. The adder closely misses you. The adder bites you.
You die...

<##.#.....##..#)#...>.#
* #
,.............##.#######
#. ..##.....#####..# .!.
*##.)....# ##..#
#..##...#..## #..#
........go.## #.#
.###.....h$.# ...
*#...#.##r#S######## .##
, #..#.ooh.SS@....... .#
,, #......###.h.#######
, , ..#.#.## ##....# ,
#...#. ##.#.... ..# #.
#...### , #.. *.. ###.#
, .., ,.# ..# , * .# * *


You could see an orc wizard, 3 adders, 2 orcs, a quokka, 3 jackals and a goblin.

Vanquished Creatures
  An adder (D:2)
  An ooze (D:2)
  3 leopard geckos
  A ball python (D:2)
  4 giant cockroaches
  A hobgoblin (D:2)
  6 bats
  A frilled lizard (D:1)
  5 goblins
  4 kobolds
  A rat (D:2)
28 creatures vanquished.

Notes
Turn   | Place    | Note
-------+----------+-------------------------------------------
     0 | D:1      | Revguard the Demonspawn Archaeologist began the quest for
                  | the Orb.
     0 | D:1      | Reached XP level 1. HP: 15/15 MP: 1/1
   116 | D:1      | Reached skill level 1 in Maces & Flails
   189 | D:1      | Gained mutation: You have large cloven feet. [demonic
                  | ancestry]
   189 | D:1      | Reached XP level 2. HP: 21/21 MP: 2/2
   761 | D:1      | Gained mutation: Your flesh is cold resistant. (rC+)
                  | [potion of mutation]
   761 | D:1      | Gained mutation: You are resistant to electric shocks.
                  | (rElec) [potion of mutation]
   763 | D:1      | Lost mutation: Your flesh is cold resistant. (rC+) [potion
                  | of mutation]
   763 | D:1      | Lost mutation: You are resistant to electric shocks.
                  | (rElec) [potion of mutation]
   763 | D:1      | Gained mutation: You possess an exceptional clarity of
                  | mind. [potion of mutation]
   763 | D:1      | Gained mutation: You passively map a small area around you.
                  | [potion of mutation]
   797 | D:2      | Reached skill level 1 in Armour
   797 | D:2      | Gained mutation: You are partially covered in molten
                  | scales. (AC +2) [demonic ancestry]
   797 | D:2      | Reached XP level 3. HP: 21/26 MP: 1/3
  1036 | D:2      | Reached skill level 1 in Evocations
  1055 | D:2      | HP: 1/26 [adder (3)]
  1056 | D:2      | Slain by an adder

Skill      XL: |  1  2  3 |
---------------+----------+-----
Maces & Flails | 1 |  1.1
Dodging        | 3 |  3.2
Armour         | 1 |  1.1
Evocations     | 1 |  1.0
Fighting       | |  1.6
Short Blades   | |  0.3
Axes           | |  0.1
Stealth        | |  3.0

Action                   || total
-------------------------++-------
Melee: Whip              ||    22
       Dagger            ||   109
  Use: Potion            ||     4
       Scroll            ||     3
 Stab: Sleeping          ||     2
       Distracted        ||     1
  Eat: Chunk             ||     1
Armor: Robe              ||    53
Dodge: Dodged            ||   120
